 Dungeon Crawl Stone Soup version 0.19-a0-1079-g88a7474 (webtiles) character file.

77 mistymad the Grave Robber (level 4, -15/24 HPs)
             Began as a Deep Elf Necromancer on Aug 6, 2016.
             Demolished by a gnoll
             ... wielding a +0 halberd
              (19 damage)
             ... on level 3 of the Dungeon.
             The game lasted 00:06:26 (2657 turns).

mistymad the Grave Robber (Deep Elf Necromancer)    Turns: 2657, Time: 00:06:28

Health: -15/24     AC:  2    Str:  5    XL:     4   Next: 13%
Magic:  8/12       EV: 13    Int: 21    God:
Gold:   124        SH:  0    Dex: 15    Spells: 4 memorised, 2 levels left

rFire  . . .     SeeInvis .     (no weapon)
rCold  . . .     Gourm    .     a - +0 robe
rNeg   . . .     Faith    .     (no shield)
rPois  .         Spirit   .     (no helmet)
rElec  .         Dismiss  .     (no cloak)
rCorr  .         Reflect  .     (no gloves)
SustAt .         Harm     .     (no boots)
MR     .....                    (no amulet)
Stlth  ++........               (no ring)
                                (no ring)

@:
A: no striking features
a: no special abilities


You were on level 3 of the Dungeon.
You were not hungry.

You visited 1 branch of the dungeon, and saw 3 of its levels.

You collected 124 gold pieces.

Inventory:

Hand Weapons
 e - a +2 whip of holy wrath
Armour
 a - a +0 robe (worn)
Scrolls
 d - a scroll of remove curse {unknown}
 f - a scroll of identify {unknown}
 h - a scroll of noise {unknown}
 i - a scroll of magic mapping {unknown}
 j - 2 scrolls of enchant armour {unknown}
 k - 2 scrolls of immolation {unknown}
 l - 2 scrolls of fear {unknown}
 n - a scroll of teleportation {unknown}
Potions
 g - 2 potions of heal wounds {unknown}
Books
 b - a book of Necromancy

   Spells                             Type                      Level
   a - Pain                           Necromancy                   1
   b - Animate Skeleton               Necromancy                   1
   c - Vampiric Draining              Necromancy                   3
   d - Regeneration                   Charms/Necromancy            3
   e - Animate Dead                   Necromancy                   4
   f - Control Undead                 Necromancy                   4
Comestibles
 c - 2 bread rations
 o - a beef jerky


   Skills:
 - Level 2.4 Dodging
 - Level 2.5 Stealth
 + Level 4.8 Spellcasting
 + Level 5.8 Necromancy


You had 2 spell levels left.
You knew the following spells:

 Your Spells              Type           Power        Failure   Level  Hunger
a - Pain                  Necr           ####         1%          1    None
b - Animate Skeleton      Necr           N/A          1%          1    None
c - Animate Dead          Necr           N/A          12%         4    ####...
d - Control Undead        Necr           ####......   12%         4    ####...


Dungeon Overview and Level Annotations

Branches:
Dungeon (3/15)

Altars:
Elyvilon


Message History

You take 1 damage, and have 22/24 hp.
You now have 10/12 mp.
Casting: Pain
Confirm with . or Enter, or press ? or * to list all spells.
Aiming: Pain
Press: ? - help, Shift-Dir - straight line, f/p - gnoll
Aim: a gnoll, wielding a halberd (lightly wounded, chance to defeat MR: 89%)
The gnoll convulses in agony!
The gnoll closely misses you.
You take 1 damage, and have 21/24 hp.
You now have 9/12 mp.
Casting: Pain
Confirm with . or Enter, or press ? or * to list all spells.
Aiming: Pain
Press: ? - help, Shift-Dir - straight line, f/p - gnoll
Aim: a gnoll, wielding a halberd (severely wounded, chance to defeat MR: 89%)
The gnoll barely resists.
The gnoll hits you from afar with a halberd!
Ouch! That really hurt!
* * * LOW HITPOINT WARNING * * *
The gnoll hits you from afar with a halberd!!
Ouch! That really hurt!
You die...

#....#######'#.........
+....# #.#.....)...
#...%## #.#.........
#.....# ##.#).(.....(
#...#g# #..#<........
#.gg#.#####..#.........
#...#gg##....#.........
######.##.#....########
#@##.##.### #..#.##.#
##.#.##.# #...##.#
###..##.# #....##.#
####.##.##.#######
#....##.##.......#
#....##..#.......#


You could see 3 gnolls.

Vanquished Creatures
  2 adders (D:2)
  2 worms
  A dart slug (D:2)
  3 giant geckos
  A ball python (D:2)
  4 bats
  3 giant cockroaches
  5 goblins
  4 hobgoblins
  A quokka (D:2)
  3 giant newts
  10 kobolds
  9 rats
48 creatures vanquished.

Vanquished Creatures (collateral kills)
  A hobgoblin (D:2)
  2 giant newts
3 creatures vanquished.

Grand Total: 51 creatures vanquished

Notes
Turn   | Place    | Note
-------+----------+-------------------------------------------
     0 | D:1      | mistymad the Deep Elf Necromancer began the quest for the Orb.
     0 | D:1      | Reached XP level 1. HP: 10/10 MP: 6/6
    48 | D:1      | Learned a level 1 spell: Animate Skeleton
   122 | D:1      | Reached skill level 5 in Necromancy
   320 | D:1      | Reached XP level 2. HP: 14/15 MP: 5/8
  1354 | D:2      | Found a white marble altar of Elyvilon.
  1362 | D:2      | Reached XP level 3. HP: 12/19 MP: 6/10
  2184 | D:3      | Reached XP level 4. HP: 20/24 MP: 8/12
  2195 | D:3      | Learned a level 4 spell: Animate Dead
  2631 | D:3      | Learned a level 4 spell: Control Undead
  2657 | D:3      | Demolished by a gnoll

Vault maps used:
D:1:      dpeg_arrival_ternary
D:2:      nicolae_overflow_hidden_temple, minmay_hexomino_r4
D:3:      minmay_misc_feat_encased, nicolae_ru_the_path_less_chosen

Skill      XL: |  1  2 |
---------------+-------+-----
Necromancy     | 5 |  5.8
Spellcasting   | 4 |  4.8
Dodging        | |  2.4
Stealth        | |  2.5

Action                   |  1- 3 |  4- 6 || total
-------------------------+-------+-------++-------
Melee: Unarmed           |     2 |       ||     2
 Cast: Pain              |    72 |    23 ||    95
       Animate Skeleton  |     6 |       ||     6
       Animate Dead      |       |     1 ||     1
  Eat: Chunk             |     3 |     2 ||     5
Armor: Robe              |     4 |       ||     4
Dodge: Dodged            |     7 |     8 ||    15
